 Dungeon Crawl Stone Soup version 0.21.1-1-g345015f (webtiles) character file.

3321 inc the Summoner (level 9, 0/39 HPs)
             Began as a Felid Wizard on Feb 28, 2018.
             Was an Elder of Sif Muna.
             Killed from afar by a deep elf mage (14 damage)
             ... with a wand of acid (5)
             ... on level 11 of the Dungeon.
             The game lasted 00:54:19 (16080 turns).

inc the Summoner (Felid Wizard)                    Turns: 16080, Time: 00:54:19

Health: 0/39       AC:  2    Str:  3    XL:     9   Next: 71%
Magic:  1/25       EV: 21    Int: 23    God:    Sif Muna [****..]
Gold:   685        SH:  0    Dex: 15    Spells: 0/17 levels left
                                        Lives:  0   Deaths: 3

rFire    . . .     SeeInvis +   (weapon unavailable)
rCold    . . .     Gourm    .   (shield unavailable)
rNeg     + . .     Faith    .   (armour unavailable)
rPois    .         Spirit   .   (helmet unavailable)
rElec    .         Reflect  .   (cloak unavailable)
rCorr    .         Harm     .   (gloves unavailable)
MR       +....                  (boots unavailable)
Stlth    +++.......             q - amulet of regeneration
HPRegen  0.53/turn              k - ring of positive energy
MPRegen  0.19/turn              J - ring of magical power

@: barbed spikes, divine energy, quick
A: very small, no armour, no weapons or thrown items, stealth, claws 1, fangs 3,
see invisible, carnivore, speed 1, shaggy fur 2, slow metabolism 1, sharp paws
a: Stop Divine Energy, Channel Magic, Forget Spell, Renounce Religion


You were on level 11 of the Dungeon.
You worshipped Sif Muna.
Sif Muna was greatly pleased with you.
You were not hungry.

You visited 1 branch of the dungeon, and saw 11 of its levels.

You collected 685 gold pieces.

Inventory:

Jewellery
 e - an uncursed ring of loudness
 k - a ring of positive energy (left paw)
 q - an amulet of regeneration (around neck)
 J - a ring of magical power (right paw)
Wands
 n - a wand of polymorph (13)
 p - a wand of acid (8)
 D - a wand of enslavement (19)
 H - a wand of paralysis (14)
 I - a wand of random effects (26)
Scrolls
 l - 7 scrolls of immolation {unknown}
 m - 2 scrolls of random uselessness {unknown}
 o - 6 scrolls of enchant weapon {unknown}
 s - 2 scrolls of noise {unknown}
 u - a scroll of blinking {unknown}
 v - a scroll of amnesia
 w - 6 scrolls of remove curse
 x - 3 scrolls of enchant armour {unknown}
 y - 3 scrolls of teleportation {unknown}
 A - a scroll of fear {unknown}
 E - 2 scrolls of identify
 F - a scroll of magic mapping {unknown}
Potions
 c - 3 potions of resistance
 d - 4 potions of might
 f - 4 potions of haste
 g - 5 potions of curing
 h - 6 potions of flight
 i - a potion of mutation
 j - 4 potions of agility
 t - 3 potions of brilliance
 z - a potion of heal wounds
 B - a potion of magic
 G - 2 potions of cancellation
Books
 a - a book of Minor Magic

   Spells                             Type                      Level
   a - Magic Dart                     Conjuration                  1
   b - Blink                          Translocation                2
   c - Call Imp                       Summoning                    2
   d - Slow                           Hexes                        2
   e - Conjure Flame                  Conjuration/Fire             3
   f - Mephitic Cloud                 Conjuration/Poison/Air       3
 r - a book of Callings

   Spells                             Type                      Level
   a - Summon Small Mammal            Summoning                    1
   b - Call Imp                       Summoning                    2
   c - Call Canine Familiar           Summoning                    3
   d - Summon Guardian Golem          Hexes/Summoning              3
   e - Summon Lightning Spire         Summoning/Air                4
   f - Summon Ice Beast               Ice/Summoning                4
 C - a book of Changes

   Spells                             Type                      Level
   a - Beastly Appendage              Transmutation                1
   b - Sticks to Snakes               Transmutation                2
   c - Spider Form                    Transmutation/Poison         3
   d - Ice Form                       Ice/Transmutation            4
   e - Blade Hands                    Transmutation                5
Comestibles
 b - 19 rations


   Skills:
 + Level 4.2 Fighting
 + Level 6.3 Dodging
 - Level 2.6 Stealth
 - Level 4.5 Spellcasting
 - Level 7.1 Conjurations
 - Level 9.3 Summonings
   Level 1.5 Translocations
 - Level 3.1 Ice Magic
 - Level 6.0 Air Magic


You couldn't memorise any spells.
You knew the following spells:

 Your Spells              Type           Power        Failure   Level  Hunger
a - Magic Dart            Conj           ####         1%          1    None
b - Call Imp              Summ           #####...     1%          2    None
c - Mephitic Cloud        Conj/Pois/Air  ####....     4%          3    ##.....
d - Call Canine Familiar  Summ           #####...     1%          3    ##.....
e - Summon Lightning Spi  Summ/Air       #####...     4%          4    ####...
f - Summon Ice Beast      Ice/Summ       ####....     8%          4    ####...


Dungeon Overview and Level Annotations

Branches:
Dungeon (11/15)            Temple (0/1) D:6
   Lair: D:8-11         Orc: D:9-12

Altars:
Cheibriados
Dithmenos
Fedhas
Hepliaklqana
Makhleb
Sif Muna
Trog
Uskayaw
Vehumet
Wu Jian
Xom

Shops:
D:7 %

Annotations:
D:3 Xelenos's ghost, amateur TeFi
D:4 Squonk's ghost, amateur DsTm
D:11 Scuka's ghost, journeyman TrHu


Innate Abilities, Weirdness & Mutations

You cannot wear armour.
You are incapable of wielding weapons or throwing items.
Your paws allow you to move quietly. (Stealth)
You have sharp claws.
You have razor-sharp teeth.
You have supernaturally acute eyesight. (SInv)
You are carnivorous and can eat meat at any time.
You cover ground quickly.
You are covered in thick fur. (AC +2)
You have a slow metabolism.
Your sharp claws are effective at attacking unaware monsters.


Message History

Sif Muna protects you from the effects of your miscast!
Sif Muna grants you divine energy.
You briefly lose access to your magic!
The orc hits your ice beast with a flail.
The tengu warrior hits your lightning spire from afar with a bardiche!
Your ice beast hits the seven-headed hydra.
Your ice beast freezes the seven-headed hydra!
A deep elf mage comes into view. It is wielding a war axe.
The barbs in your skin will harm you if you move.
Continue?
The barbed spikes dig painfully into your body as you move.
The deep elf mage zaps a wand.
The bolt of acid misses you.
It is a wand of acid (5).
The orc barely misses your ice beast.
The barbed spikes dig painfully into your body as you move.
The tengu warrior hits your lightning spire from afar with a bardiche!
Your lightning spire is destroyed!
You see here the felid skeleton of inc.
The barbed spikes dig painfully into your body as you move.
You regain access to your magic.
The deep elf mage zaps a wand.
The bolt of acid hits you!
You die...

.#... #.# #.# #?...
#O# #.# . #.... #.#
#########.##. #
#....
#.####...O.W.)....
#.#....
#.).)..#######<...
.......# ########
##### ## #Koe#####
#. #.Q†%...#########
#
#.##..(Y)D÷@<.(....#
.#.
#.....########.##.#
u.W###....#
..........# #.#
.........(##### #.#
#..........).# #.# #
#.###..#####.# #.#
.# #..# #<# #.##.#
#..#####.# ##.#..###


You could see a seven-headed hydra, a tengu warrior (unaware), a deep elf mage,
a big kobold, an orc and a friendly ice beast.

Vanquished Creatures
  3 ogres
  2 bullfrogs
  A wyvern zombie (D:5)
  A scorpion (D:9)
  A crimson imp (D:7)
  A hound (D:5)
  3 orc priests
  5 orc wizards
  3 bullfrog skeletons
  2 worker ants (D:4)
  2 hound skeletons (D:8)
  A worker ant zombie (D:5)
  7 adders
  3 shadow imps
  An ooze (D:6)
  An adder skeleton (D:9)
  An adder zombie (D:9)
  2 worms
  A dart slug (D:4)
  8 leopard geckos
  20 orcs
  8 bats
  7 giant cockroaches
  6 goblins
  3 hobgoblins
  10 jackals
  3 quokkas
  3 frilled lizards
  A giant cockroach zombie (D:5)
  11 kobolds
  A leopard gecko skeleton (D:4)
  A quokka zombie (D:8)
  6 rats
129 creatures vanquished.

Vanquished Creatures (collateral kills)
  A two-headed ogre (D:11)
  Sonja (D:11)
  A manticore (D:11)
  2 ugly things (D:11)
  2 hornets
  A troll (D:10)
  A shadow (D:10)
  3 yaks (D:11)
  4 hungry ghosts
  Edmund (D:5)
  2 water moccasins
  7 orc warriors
  2 sky beasts (D:9)
  An eye of draining (D:9)
  A necrophage (D:10)
  A black bear (D:7)
  7 ice beasts
  4 phantoms
  3 centaurs (D:10)
  5 ogres
  A big kobold (D:10)
  6 bullfrogs
  3 scorpions
  A water moccasin skeleton (D:5)
  4 wights (D:9)
  A killer bee (D:9)
  4 electric eels (D:9)
  A howler monkey (D:6)
  3 bullfrog zombies
  A crimson imp (D:4)
  A centaur zombie (D:7)
  2 quasits
  4 orc priests
  4 orc wizards
  2 hounds
  3 jellies
  A centaur skeleton (D:10)
  3 bullfrog skeletons
  6 iguanas
  6 worker ants
  Ijyb (D:7)
  A hound skeleton (D:9)
  A worker ant zombie (D:9)
  2 adders
  An adder skeleton (D:7)
  16 orcs
  4 goblins (D:7)
  2 jackals (D:10)
  3 kobolds (D:10)
138 creatures vanquished.

Grand Total: 267 creatures vanquished

Notes
Turn   | Place    | Note
-------+----------+-------------------------------------------
     0 | D:1      | inc the Felid Wizard began the quest for the Orb.
     0 | D:1      | Reached XP level 1. HP: 7/7 MP: 5/5
    20 | D:1      | Reached skill level 1 in Conjurations
   301 | D:1      | Reached XP level 2. HP: 11/11 MP: 4/7
  1006 | D:2      | Reached XP level 3. HP: 14/14 MP: 4/8
  1204 | D:1      | Learned a level 2 spell: Call Imp
  1208 | D:1      | Learned a level 3 spell: Mephitic Cloud
  2767 | D:3      | Noticed Xelenos's ghost (amateur TeFi)
  2862 | D:4      | Noticed Squonk's ghost (amateur DsTm)
  2946 | D:3      | Found a bloodstained altar of Trog.
  3000 | D:3      | Reached XP level 4. HP: 18/18 MP: 2/9
  3144 | D:3      | Noticed an ogre
  3188 | D:3      | Killed an ogre
  3188 | D:3      | Reached XP level 5. HP: 21/21 MP: 3/10
  3200 | D:3      | Learned a level 3 spell: Call Canine Familiar
  3687 | D:3      | Noticed an ice beast
  3711 | D:3      | Killed an ice beast
  3711 | D:3      | Reached skill level 2 in Summonings
  3882 | D:3      | Reached skill level 3 in Summonings
  3901 | D:3      | Found a shimmering altar of Xom.
  3902 | D:3      | Found a radiant altar of Vehumet.
  3903 | D:3      | Found a deep blue altar of Sif Muna.
  3914 | D:3      | Became a worshipper of Sif Muna the Loreminder
  3967 | D:4      | Gained mutation: You are covered in thick fur. (AC +2) [Felid growth]
  3967 | D:4      | Reached XP level 6. HP: 24/24 MP: 1/11
  4159 | D:4      | Found the +2 cloak of the Thief {+Fog Slay-2 SInv Stlth+}
  4924 | D:5      | Entered Level 5 of the Dungeon
  4926 | D:5      | Noticed Ijyb
  5146 | D:5      | Found a bloodstained altar of Trog.
  5175 | D:5      | Reached skill level 4 in Summonings
  5581 | D:5      | Reached XP level 7. HP: 27/27 MP: 7/14
  5746 | D:5      | Noticed Edmund
  5985 | D:6      | Learned a level 4 spell: Summon Lightning Spire
  6050 | D:6      | Reached skill level 1 in Air Magic
  6156 | D:5      | Slain by a wyvern zombie
  6157 | D:5      | Reached XP level 6. HP: -1/24 MP: 3/13
  6232 | D:6      | Found a staircase to the Ecumenical Temple.
  6872 | D:6      | Reached * piety under Sif Muna
  7357 | D:7      | Reached XP level 7. HP: 22/27 MP: 5/14
  7363 | D:7      | Found an ornate altar of the Wu Jian Council.
  7984 | D:7      | Slain by a water moccasin
  7985 | D:7      | Reached XP level 6. HP: 0/24 MP: 0/13
  7985 | D:7      | Found a hide-covered altar of Uskayaw.
  8067 | D:7      | Noticed an ice beast
  8097 | D:7      | Killed an ice beast
  8364 | D:7      | Found a snail-covered altar of Cheibriados.
  8377 | D:7      | Found a shadowy altar of Dithmenos.
  8377 | D:7      | Noticed a hornet
  8440 | D:8      | Reached XP level 7. HP: 27/27 MP: 1/14
  8440 | D:8      | Reached skill level 5 in Air Magic
  8872 | D:8      | Noticed a hornet
  8890 | D:8      | Killed a hornet
  8890 | D:8      | Reached ** piety under Sif Muna
  8962 | D:8      | Found a blossoming altar of Fedhas.
  9038 | D:8      | Found a burning altar of Makhleb.
  9240 | D:8      | Found a hazy altar of Hepliaklqana.
  9244 | D:8      | Reached skill level 5 in Conjurations
  9847 | D:7      | Found Coron's Food Emporium.
  9993 | D:7      | Killed a hornet
 10121 | D:7      | Reached XP level 8. HP: 29/31 MP: 1/15
 10159 | D:7      | Killed Ijyb
 10850 | D:5      | Killed Edmund
 11192 | D:4      | Reached skill level 5 in Summonings
 11835 | D:9      | Found a shadowy altar of Dithmenos.
 11852 | D:9      | Reached skill level 6 in Summonings
 11981 | D:9      | Reached *** piety under Sif Muna
 12242 | D:9      | Reached XP level 9. HP: 29/34 MP: 7/16
 12405 | D:9      | Reached skill level 7 in Summonings
 12890 | D:9      | Reached skill level 8 in Summonings
 13544 | D:9      | Reached skill level 9 in Summonings
 13727 | D:10     | Entered Level 10 of the Dungeon
 13846 | D:10     | Reached **** piety under Sif Muna
 14009 | D:10     | Noticed a rakshasa
 14100 | D:9      | Learned a level 4 spell: Summon Ice Beast
 14308 | D:10     | Reached skill level 1 in Ice Magic
 14821 | D:10     | Noticed a troll
 14852 | D:10     | Killed a troll
 15381 | D:10     | Reached XP level 10. HP: 38/38 MP: 17/17
 15539 | D:11     | Reached skill level 1 in Fighting
 15563 | D:11     | Noticed a red ugly thing
 15567 | D:11     | Noticed Scuka's ghost (journeyman TrHu)
 15626 | D:11     | Noticed Sonja
 15636 | D:11     | Killed Sonja
 15640 | D:11     | Noticed a cyan ugly thing
 15641 | D:11     | Slain by Scuka's ghost
 15642 | D:11     | Reached XP level 9. HP: -3/37 MP: 13/25
 15650 | D:11     | Noticed a two-headed ogre
 15666 | D:11     | Killed a two-headed ogre
 15666 | D:11     | Reached skill level 5 in Dodging
 15685 | D:11     | Killed a purple ugly thing
 15695 | D:11     | Killed a red ugly thing
 15991 | D:11     | Noticed a two-headed ogre
 16062 | D:11     | Noticed a manticore
 16068 | D:11     | Noticed a tengu warrior
 16069 | D:11     | Noticed a seven-headed hydra
 16075 | D:11     | Killed a manticore
 16078 | D:11     | Noticed a deep elf mage
 16080 | D:11     | Killed from afar by a deep elf mage

Skill      XL: |  1  2  3  4  5  6  7  8  9 10 |
---------------+-------------------------------+-----
Conjurations   | 1 2 3 4 6 7 |  7.1
Summonings     | 3 4 6 9 |  9.3
Spellcasting   | 4 |  4.5
Air Magic      | 4 5 6 |  6.0
Ice Magic      | 3 |  3.1
Dodging        | 6 4 |  6.3
Fighting       | 4 2 |  4.2
Stealth        | |  2.6
Translocations | |  1.5

Action                   |  1- 3 |  4- 6 |  7- 9 | 10-12 || total
-------------------------+-------+-------+-------+-------++-------
Melee: Unarmed           |     9 |    21 |    14 |       ||    44
       Bite              |       |     1 |     1 |       ||     2
 Cast: Magic Dart        |   137 |   189 |   256 |     3 ||   585
       Call Canine Famil |       |    16 |    58 |       ||    74
       Call Imp          |       |     7 |    10 |       ||    17
       Summon Lightning  |       |     5 |    63 |     3 ||    71
       Mephitic Cloud    |       |     1 |     1 |       ||     2
       Summon Ice Beast  |       |       |    21 |     7 ||    28
Invok: Divine Energy     |       |       |     1 |       ||     1
  Use: Scroll            |     1 |     4 |     6 |       ||    11
       Potion            |       |     1 |     2 |     1 ||     4
 Stab: Sleeping          |       |       |     1 |       ||     1
  Eat: Chunk             |     7 |     7 |    34 |     5 ||    53
       Ration            |     1 |       |     2 |       ||     3
Armor: Skin              |     4 |     6 |     9 |       ||    19
Dodge: Dodged            |    48 |    58 |   112 |     9 ||   227
